 Dungeon Crawl Stone Soup version 0.32-a0-350-g4f4d228785 (webtiles) character file.

Game seed: 2229005360946923066

36078 experimilk the Brawler (level 13, -9/133 HPs)
             Began as a Troll Gladiator on Feb 16, 2024.
             Was an Elder of Wu Jian.
             Mangled by a salamander
             ... wielding a +1 trident of flaming
              (14 damage)
             ... in a volcano on Feb 17, 2024.
             The game lasted 00:44:21 (16819 turns).

experimilk the Brawler (Troll Gladiator)           Turns: 16819, Time: 00:44:21

Health: -9/133     AC:  8    Str: 29    XL:     13   Next: 51%
Magic:  12/12      EV: 10    Int:  4    God:    Wu Jian [****..]
Gold:   701        SH:  5    Dex: 11    Spells: 11/12 levels left

rFire   . .          .
                       - Unarmed
rCold   . . .        (no shield)
rNeg    . . .        e - +0 troll leather armour
rPois   +            b - +1 hat
rElec   .            K - +0 cloak
rCorr   .            (gloves unavailable)
SInv    .            (boots unavailable)
Will    +....        M - amulet of reflection
Stlth   +            Q - ring of poison resistance
HPRegen 2.02/turn    (no ring)
MPRegen 0.13/turn

%: reflection
@: mighty, on berserk cooldown, enlightened, flying, slowed, very slow
A: large, unfitting armour, claws 3, regeneration 1, shaggy fur 1, tough skin 1
a: Renounce Religion, Wall Jump, Serpent's Lash


You were in a volcano.
You worshipped Wu Jian.
Wu Jian was greatly pleased with you.
You visited 2 branches of the dungeon, and saw 14 of its levels.
You also visited: Sewer, Ossuary and Volcano.

You collected 1061 gold pieces.
You spent 360 gold pieces at shops.

Inventory:

Missiles
 a - 38 poisoned darts
 c - 2 boomerangs
 q - 2 throwing nets
 s - 4 curare-tipped darts
 x - 6 javelins (quivered)
 z - 3 large rocks
Armour
 b - a +1 hat (worn)
 e - a +0 troll leather armour (worn)
 K - a +0 cloak (worn)
Jewellery
 j - an amulet of faith
 M - an amulet of reflection (around neck)
 Q - a ring of poison resistance (left claw)
Wands
 g - a wand of flame (28)
 k - a wand of polymorph (25)
 p - a wand of paralysis (1)
 w - a wand of acid (9)
 O - a wand of mindburst (8)
 S - a wand of iceblast (11)
Scrolls
 d - 2 scrolls of poison
 f - a scroll of noise {unknown}
 l - a scroll of fear {unknown}
 m - 2 scrolls of summoning
 n - 2 scrolls of amnesia
 t - 3 scrolls of enchant armour
 y - a scroll of acquirement {unknown}
 A - 4 scrolls of teleportation
 B - a scroll of silence
 C - a scroll of enchant weapon {unknown}
 J - a scroll of fog
 P - a scroll of revelation {unknown}
Potions
 h - 2 potions of might
 i - 10 potions of curing
 r - 2 potions of resistance
 D - 5 potions of mutation
 G - a potion of berserk rage
 T - a potion of cancellation {unknown}
 V - a potion of lignification {unknown}


   Skills:
 - Level 10.0 Fighting
 - Level 10.0 Throwing
 * Level 8.3 Armour
 - Level 2.4 Dodging
 - Level 15.0 Unarmed Combat


You had 11 spell levels left.
You knew the following spells:

 Your Spells              Type           Power      Damage    Failure   Level
a - Apportation           Tloc           0%         N/A       54%         1

Your spell library contained the following spells:

 Spells                   Type           Power      Damage    Failure   Level
 Kiss of Death            Conj/Necr      0%         2d5       54%         1
 Necrotise                Necr           0%         1d4       54%         1
 Sting                    Conj/Alch      0%         1d3       54%         1
 Summon Small Mammal      Summ           0%         N/A       54%         1
 Cigotuvi's Dreadful Rot  Necr/Alch/Air  0%         N/A       67%         2
 Scorch                   Fire           0%         2d5       67%         2
 Confusing Touch          Hex            0%         N/A       88%         3
 Dispel Undead            Necr           0%         3d6       99%         4
 Flame Wave               Conj/Fire      0%         2d4       99%         4
 Ignite Poison            Fire/Alch      0%         N/A       99%         4
 Martyr's Knell           Necr/Summ      0%         N/A       99%         4
 Sticky Flame             Fire/Alch      0%         2d4       99%         4
 Summon Forest            Summ/Tloc      0%         N/A       100%        5
 Summon Mana Viper        Hex/Summ       0%         N/A       100%        5
 Death Channel            Necr           0%         N/A       100%        6
 Summon Cactus Giant      Summ           0%         N/A       100%        6
 Ignition                 Fire           0%         3d3       100%        8


Dungeon Overview and Level Annotations

Branches:
Dungeon (10/15)            Temple (0/1) D:7            Lair (4/5) D:10
  Swamp (0/4) Lair:3       Spider (0/4) Lair:3          Orc (0/2) D:9
  Sewer (visited)         Ossuary (visited)         Volcano (1/1)
  Slime: Lair:4-5

Altars:
Ashenzari
Cheibriados
Elyvilon
Gozag
Ru
Sif Muna
Trog
Wu Jian
The Shining One

Shops:
D:6 =(:=*

Annotations:
Lair:3 3 runed translucent doors, Gengi's ghost, journeyman DrSh


Innate Abilities, Weirdness & Mutations

You are too large for most types of armour.
You have claws for hands.
Your natural rate of healing is unusually fast.
You are covered in fur. (AC +1)
You have tough skin. (AC +1)


Message History

The molten gargoyle is severely damaged.
Unknown command.
You claw the molten gargoyle!
You destroy the molten gargoyle!
The Council accepts your kill.
You see here a +0 mace.
Unknown command.
You feel a strong urge to attack something.
There is an open door, spattered with blood here.
You start resting.
You are no longer berserk.
You are exhausted.
You feel yourself slow down.
You start resting.
A salamander comes into view. It is wielding a +1 trident of flaming.
Found a broad axe of flaming.
A salamander is nearby!
A salamander is nearby!
The salamander attacks as it pursues you!
The salamander closely misses you.
You see here a +0 mace.
The salamander attacks as it pursues you!
The salamander hits you but does no damage.
You block the salamander's attack.
You see here a +1 trident of flaming.
Items here: ))) [[ †.
The salamander hits you from afar with a +1 trident of flaming.
* * * LOW HITPOINT WARNING * * *
You are engulfed in flames!
* * * LOW HITPOINT WARNING * * *
The salamander burns you.
* * * LOW HITPOINT WARNING * * *
You feel very buoyant.
You fly up into the air.
The salamander barely misses you.
The heavenly storm settles.
The salamander attacks as it pursues you!
The salamander hits you from afar with a +1 trident of flaming!
* * * LOW HITPOINT WARNING * * *
You are engulfed in flames!
You die...

≈≈≈≈≈ ##### ## §§≈§§§§
##...###... ≈≈≈≈§§≈ #
#..ß..#...≈§§≈≈§≈§≈§§§§≈§§≈≈≈
#.##.....#...≈≈≈≈§§§§≈≈≈≈§≈§≈≈≈≈
#:[ß.....# #..≈§§≈≈≈≈§≈≈≈≈§≈≈≈§§
#$!#.)⌠..# #§§§§§≈≈≈≈§≈§§≈≈§§≈§
#$)##...## #§☼☼§§§≈≈≈≈≈≈≈≈≈§≈§
## ###§## ###§@§§§§≈§§§≈≈≈≈≈≈.§
...#...###ßN°○☼§≈≈≈≈§≈≈≈≈≈....
_..'.∩.')☼○°○☼§☼§≈≈≈§§§≈≈.§..#
...#...###ߧ.☼§.≈§§§§≈....#.##
##'## ####☼..§§≈≈≈≈.###### ...
#.##.§....## ..⌠ #####.#####
)ß... ### ##..


You could see a salamander.

Vanquished Creatures
  A red draconian (Volcano)
  A hydra (Lair:3)
  A two-headed ogre (D:9)
  3 death yaks (Lair:2)
  Urug (Lair:2)
  Sonja (D:10)
  Amaemon (Lair:3)
  A salamander mystic (Volcano)
  2 skysharks (Lair:3)
  Pikel (D:6)
  A cyclops (D:8)
  Maurice (D:6)
  A meliai (Lair:3)
  3 salamanders (Volcano)
  12 elephants
  A molten gargoyle (Volcano)
  An orange demon (Lair:3)
  2 cane toads
  An unseen horror (D:10)
  4 komodo dragons
  A rime drake (Lair:1)
  3 trolls
  Psyche (D:10)
  6 tyrant leeches (Lair:3)
  13 blink frogs
  9 dream sheep (Lair:3)
  3 wyverns
  34 yaks
  Eustachio (D:4)
  2 basilisks
  5 fire bats (Volcano)
  3 steam dragons
  2 swamp worms (Lair:3)
  6 water moccasins
  An ice beast (D:8)
  An orc warrior (D:9)
  3 sky beasts
  4 black bears
  8 wolves
  A centaur (D:9)
  2 lemures (D:6)
  A weeping skull (Ossuary)
  An elf zombie (Ossuary)
  A phantom (D:6)
  A brain worm (Sewer)
  7 kobold brigands
  9 bullfrogs
  4 scorpions
  A gnoll sergeant (D:8)
  11 wights
  5 killer bees (Lair:3)
  4 howler monkeys
  7 electric eels
  4 centaur zombies (Ossuary)
  A bombardier beetle (D:7)
  4 lava snakes (Volcano)
  A hound (D:5)
  3 jellies
  4 orc priests
  A gnoll bouda (D:10)
  A human zombie (Ossuary)
  6 iguanas
  A sleepcap (D:5)
  7 orc wizards
  A killer bee zombie (Ossuary)
  2 hound zombies (Ossuary)
  A killer bee simulacrum (D:8)
  3 mummies (Ossuary)
  9 gnolls
  9 adders
  3 river rats
  A shadow imp (D:5)
  3 white imps
  2 howler monkey simulacra (D:8)
  4 ufetubi
  4 adder zombies (Ossuary)
  3 dart slugs
  3 ribbon worms (D:2)
  30 orcs
  3 bats
  5 endoplasms
  3 giant cockroaches
  2 gnoll zombies (Ossuary)
  7 goblins
  4 hobgoblins
  A jackal (Sewer)
  A quokka (D:2)
  6 ball pythons
  4 ball python zombies (Ossuary)
  3 frilled lizards
  4 jackal zombies (Ossuary)
  23 kobolds
  5 kobold zombies (Ossuary)
  2 orc zombies (Ossuary)
  7 rats
392 creatures vanquished.

Vanquished Creatures (collateral kills)
  A troll (D:9)
  A yak (D:9)
  A scorpion (D:9)
3 creatures vanquished.

Vanquished Creatures (others)
  An orc wizard (D:7)
  A gnoll (D:8)
2 creatures vanquished.

Grand Total: 397 creatures vanquished

Notes
Turn   | Place    | Note
-------+----------+-------------------------------------------
     0 | D:1      | experimilk the Troll Gladiator began the quest for the Orb.
     0 | D:1      | Reached XP level 1. HP: 19/19 MP: 0/0
    38 | D:1      | Reached XP level 2. HP: 26/27 MP: 1/1
   213 | D:1      | Reached skill level 4 in Unarmed Combat
   392 | D:1      | Reached XP level 3. HP: 33/33 MP: 2/2
   714 | D:2      | Reached XP level 4. HP: 41/41 MP: 3/3
   803 | D:2      | Reached skill level 5 in Unarmed Combat
  1600 | D:3      | Found an ornate altar of the Wu Jian Council.
  1620 | D:3      | Became a worshipper of the Wu Jian Council
  1743 | D:3      | Reached XP level 5. HP: 48/48 MP: 4/4
  1747 | D:3      | Found a glowing drain.
  1751 | Sewer    | Entered a sewer
  1775 | Sewer    | Reached skill level 6 in Unarmed Combat
  1818 | Sewer    | Reached XP level 6. HP: 55/55 MP: 5/5
  1855 | Sewer    | Reached skill level 7 in Unarmed Combat
  2352 | D:3      | Reached * piety under Wu Jian
  2889 | D:4      | Found a white marble altar of Elyvilon.
  2896 | D:4      | Noticed Eustachio
  2963 | D:4      | Reached skill level 8 in Unarmed Combat
  2963 | D:4      | Reached XP level 7. HP: 48/62 MP: 6/6
  3567 | D:4      | Killed Eustachio
  3568 | D:4      | Reached skill level 9 in Unarmed Combat
  3900 | D:4      | Found a glowing golden altar of the Shining One.
  3909 | D:4      | Found a snail-covered altar of Cheibriados.
  3939 | D:5      | Entered Level 5 of the Dungeon
  4240 | D:5      | Reached XP level 8. HP: 65/70 MP: 7/7
  4244 | D:5      | Reached ** piety under Wu Jian
  4332 | D:5      | Reached skill level 10 in Unarmed Combat
  4346 | D:5      | Found a sand-covered staircase.
  4359 | Ossuary  | Entered an ossuary
  4624 | D:6      | Noticed Pikel
  4624 | D:6      | Found Essisew's Weapon Emporium.
  4713 | D:6      | Reached skill level 5 in Fighting
  4783 | D:6      | Found Onumeiw's Jewellery Shoppe.
  4935 | D:6      | Reached *** piety under Wu Jian
  4940 | D:6      | Killed Pikel
  4941 | D:6      | Reached XP level 9. HP: 86/89 MP: 8/8
  5081 | D:6      | Found Goohufak's Jewellery Boutique.
  5234 | D:6      | Found Ythesi's Book Shoppe.
  5557 | D:6      | Found Zank's Assorted Antiques.
  5785 | D:7      | Noticed Maurice
  5792 | D:7      | Found a staircase to the Ecumenical Temple.
  5794 | D:7      | Something stole 215 gold
  5803 | D:7      | Something stole a +6 ring of intelligence
  5822 | D:6      | Something stole 282 gold
  5823 | D:6      | Something stole 4 gold
  5840 | D:6      | Killed Maurice
  6263 | D:7      | Found a bloodstained altar of Trog.
  6971 | D:7      | Reached XP level 10. HP: 92/107 MP: 9/9
  7198 | D:8      | Found a broken altar of Ashenzari.
  7262 | D:8      | Noticed a cyclops
  7569 | D:8      | Killed a cyclops
  7574 | D:8      | Reached skill level 10 in Fighting
  7597 | D:8      | Reached **** piety under Wu Jian
  7805 | D:8      | Reached skill level 5 in Throwing
  8229 | D:8      | Found an opulent altar of Gozag.
  8294 | D:8      | Found a shimmering blue altar of Sif Muna.
  8808 | D:9      | Found a staircase to the Orcish Mines.
  9321 | D:9      | Noticed a two-headed ogre
  9324 | D:9      | Killed a two-headed ogre
  9325 | D:9      | Reached XP level 11. HP: 117/117 MP: 10/10
 10324 | D:10     | Entered Level 10 of the Dungeon
 11633 | D:10     | Reached skill level 10 in Throwing
 11920 | D:10     | Reached ***** piety under Wu Jian
 11959 | D:10     | Found a staircase to the Lair.
 12007 | D:10     | Noticed Sonja
 12009 | D:10     | Killed Sonja
 12080 | D:10     | Reached skill level 11 in Unarmed Combat
 12260 | D:10     | Noticed Psyche
 12265 | D:10     | Killed Psyche
 12701 | Lair:1   | Entered Level 1 of the Lair of Beasts
 12795 | D:6      | Bought an amulet of reflection for 360 gold pieces
 12906 | Lair:1   | Found a sacrificial altar of Ru.
 12985 | Lair:1   | Found the +8 demon blade "Leech" {evervamp, Harm ^Drain
                  | rN+}
 13259 | Lair:1   | Reached skill level 12 in Unarmed Combat
 13361 | Lair:1   | Reached XP level 12. HP: 126/126 MP: 11/11
 13922 | Lair:2   | Noticed Urug
 13928 | Lair:2   | Killed Urug
 13929 | Lair:2   | Reached skill level 13 in Unarmed Combat
 14399 | Lair:2   | Reached skill level 14 in Unarmed Combat
 14503 | Lair:2   | Learned a level 1 spell: Apportation
 14764 | Lair:2   | Noticed a death yak
 14764 | Lair:2   | Noticed a death yak
 14766 | Lair:2   | Noticed a death yak
 14780 | Lair:2   | Killed a death yak
 14781 | Lair:2   | Killed a death yak
 14781 | Lair:2   | Killed a death yak
 15070 | Lair:3   | Found a runed translucent gate.
 15070 | Lair:3   | Found a runed translucent gate.
 15070 | Lair:3   | Found a runed translucent gate.
 15074 | Lair:3   | Noticed Gengi's ghost (journeyman DrSh)
 15074 | Lair:3   | Noticed a nine-headed hydra
 15106 | Lair:3   | Reached skill level 15 in Unarmed Combat
 15121 | Lair:3   | Reached skill level 1 in Armour
 15171 | Lair:3   | Noticed Amaemon
 15180 | Lair:3   | Killed Amaemon
 15245 | Lair:3   | Noticed a seven-headed hydra
 15257 | Lair:3   | Killed a 13-headed hydra
 15301 | Lair:3   | Reached XP level 13. HP: 132/133 MP: 12/12
 15492 | Lair:3   | Reached skill level 5 in Armour
 15497 | Lair:3   | Found a hole to the Spider Nest.
 15509 | Lair:3   | Upgraded the game from 0.32-a0-329-ge6c31236d6 to
                  | 0.32-a0-350-g4f4d228785
 15635 | Lair:3   | Found a staircase to the Swamp.
 16608 | Lair:4   | Found a dark tunnel.
 16619 | Volcano  | Entered a volcano
 16733 | Volcano  | Noticed a red draconian
 16786 | Volcano  | Found a radiant altar of Vehumet.
 16802 | Volcano  | Killed a red draconian
 16819 | Volcano  | HP: 5/133 [salamander/+1 trident of flaming (15)]
 16819 | Volcano  | Mangled by a salamander

Illustrated notes

Levels and vault maps discovered:
D:1:      dpeg_arrival_rooms_a, layout_rooms, nicolae_eternal_life
D:2:      layout_basic
D:3:      layout_basic, nzn_wu_jian_contemplation, gup_sewer_entry_bowl
D:4:      layout_gridville, mainiacjoe_overflow_swirl, elyvilon_altar_1,
          minmay_ruptured, uniq_eustachio
D:5:      layout_cave_pools, nicolae_ossuary_entry_monument
D:6:      layout_basic, serial_shops, nicolae_shop_tiny_glass, shop,
          nicolae_stop_n_shop_2, shop, shop_coins, minmay_misc_feat_x,
          uniq_pikel
D:7:      layout_basic, general_overflow_altar, minmay_temple_entry_tees,
          grunt_decor_clamped, uniq_maurice
D:8:      cheibrodos_helix_gallery, layout_rooms, kennysheep_little_box,
          mainiacjoe_overflow_small_starburst, lemuel_tele_altar, serial_ice,
          serial_ice_a, serial_ice_l, serial_ice_m, serial_ice_o, serial_ice_b,
          serial_ice_e
D:9:      layout_layer_cave, orc_0_dummy
D:10:     layout_loops_ring, grunt_lair_entry_orc_guard_hut, uniq_sonja,
          uniq_psyche
Lair:1:   layout_hall_layers, basic_altar, dreamdust_deal_with_the_devil,
          chequers_serial_rivers_room_a
Lair:2:   layout_big_grid, disabler_island, uniq_urug
Lair:3:   layout_chaotic_city, minmay_swamp_entry_worms,
          hellmonk_spider_entry_not_the_bees, gammafunk_ghost_hydra_chop,
          infiniplex_staircase_pool_2, lemuel_fruit_tree, uniq_amaemon
Lair:4:   layout_roguey, nicolae_volcano_entry_two_sided, grunt_megastairs_5,
          lemuel_fruit_fields
Volcano:  volcano_grotto [vgs_many_chambers]

Skill      XL: |  1  2  3  4  5  6  7  8  9 10 11 12 13 |
---------------+----------------------------------------+-----
Unarmed Combat | 4 5 6 8 9 10 12 15 | 15.0
Fighting       | 6 9 10 | 10.0
Throwing       | 8 10 | 10.0
Armour         | 4 8 |  8.3
Dodging        | |  2.4

Action                     |  1- 3 |  4- 6 |  7- 9 | 10-12 | 13-15 || total
---------------------------+-------+-------+-------+-------+-------++-------
  Melee: Unarmed           |    60 |   104 |   279 |   457 |   141 ||  1041
         Punch             |     1 |     2 |    14 |    37 |    10 ||    64
  Throw: Dart              |       |    16 |    57 |    85 |    24 ||   182
         Large rock        |       |     1 |     1 |    21 |    11 ||    34
         Boomerang         |       |       |    31 |    84 |    18 ||   133
         Throwing net      |       |       |       |     1 |       ||     1
         Javelin           |       |       |       |       |     4 ||     4
   Cast: Apportation       |       |       |       |     5 |       ||     5
 Invoke: Serpent's Lash    |       |       |       |    11 |     3 ||    14
         Heavenly Storm    |       |       |       |       |     1 ||     1
Ability: Lunge             |       |     3 |    31 |    50 |    23 ||   107
         Whirlwind         |       |       |    10 |   106 |    16 ||   132
  Evoke: Wand              |       |       |       |     1 |       ||     1
    Use: Scroll            |       |     5 |    10 |     7 |     4 ||    26
         Potion            |       |       |     1 |     3 |     5 ||     9
   Stab: Sleeping          |       |     1 |       |       |       ||     1
         Held in net/web   |       |       |       |     1 |       ||     1
 Armour: Robe              |    37 |    59 |   153 |   172 |       ||   421
         Skin              |       |       |    12 |       |       ||    12
         Troll leather arm |       |       |       |   144 |    64 ||   208
  Dodge: Dodged            |    17 |    36 |    96 |   149 |    27 ||   325
  Block: Other             |       |       |       |    26 |    15 ||    41
         Reflection        |       |       |       |       |     2 ||     2

Table legend: (Time is in decaauts)
 A = Elapsed time spent in this place.
 B = Non-inter-level travel time spent in this place.
 C = Inter-level travel time spent in this place.
 D = Time resting spent in this place.
 E = Time spent auto-exploring this place.
 F = Levels seen in this place.
 G = Mean time per level.
                   A        B        C        D        E       F      G
               +--------+--------+--------+--------+--------+-----+--------+
         Total |  16667 |  16159 |    508 |   5326 |   8027 |  17 |  980.4 |
       Dungeon |  12122 |  11643 |    479 |   4151 |   5866 |  10 | 1212.2 |
          Lair |   3677 |   3649 |     28 |   1153 |   1704 |   4 |  919.2 |
         Sewer |    443 |    443 |      0 |      0 |    310 |   1 |  443.0 |
       Ossuary |    236 |    236 |      0 |      0 |    121 |   1 |  236.0 |
       Volcano |    188 |    188 |      0 |     21 |     26 |   1 |  188.0 |
               +--------+--------+--------+--------+--------+-----+--------+

Top non-repeatable levels by time:
     D:9: 3089 daAuts
     D:6: 1608 daAuts
  Lair:3: 1523 daAuts
     D:7: 1192 daAuts
     D:8: 1164 daAuts
  Lair:2: 1159 daAuts
    D:10: 1141 daAuts
     D:4: 1050 daAuts
     D:3: 1017 daAuts
  Lair:1: 977 daAuts
     D:2: 917 daAuts
     D:1: 483 daAuts
     D:5: 457 daAuts
   Sewer: 443 daAuts
 Ossuary: 236 daAuts
